 Dungeon Crawl Stone Soup version 0.17-a0-744-gaa96792 (webtiles) character file.

260 Turret the Conjurer (level 5, -1/35 HPs)
             Began as a Demonspawn Wizard on Apr 21, 2015.
             Slain by a giant frog (7 damage)
             ... on level 3 of the Dungeon.
             The game lasted 00:11:59 (3429 turns).

Turret the Conjurer (Demonspawn Wizard)             Turns: 3429, Time: 00:11:59

Health: -1/35      AC:  3    Str: 13    XL:     5   Next: 95%
Magic:  1/9        EV: 12    Int: 20    God:
Gold:   118        SH:  0    Dex: 11    Spells: 4 memorised, 1 level left

rFire  . . .     SeeInvis .     t - +0 hand axe (curse)
rCold  . . .     Clarity  .     a - +0 robe
rNeg   . . .     SustAb   .     (no shield)
rPois  .         Gourm    .     b - +0 hat
rElec  .         Spirit   .     p - +0 cloak
rCorr  .         Warding  .     (no gloves)
rMut   .         Stasis   .     (no boots)
MR     .....                    (no amulet)
Stlth  ++........               (no ring)
                                (no ring)

@: mighty, very slightly contaminated, not resistant to hostile enchantments,
unstealthy
A: horns 1
a: no special abilities


You were on level 3 of the Dungeon.
You were hungry.

You visited 1 branch of the dungeon, and saw 3 of its levels.

You collected 118 gold pieces.

Inventory:

Hand weapons
 f - a +0 dagger
 g - a +0 spear
 t - a cursed +0 hand axe (weapon)
Missiles
 e - 85 stones
 n - 7 silver javelins (quivered)
 r - 3 javelins
 u - 13 tomahawks
 z - 30 arrows
Armour
 a - a +0 robe (worn)
 b - a +0 hat (worn)
 p - a +0 cloak (worn)
Jewellery
 s - a cursed amulet of inaccuracy {unknown}
Magical devices
 w - a wand of frost (25)
 y - a wand of magic darts (12)
Scrolls
 j - a scroll of remove curse {unknown}
 l - a scroll of noise {unknown}
 o - 2 scrolls of identify {unknown}
 q - a scroll of enchant weapon {unknown}
Potions
 k - a potion of curing {unknown}
 m - 2 potions of might
 v - a potion of haste {unknown}
 x - a potion of ambrosia {unknown}
Books
 c - a book of Minor Magic

   Spells                             Type                      Level
   a - Magic Dart                     Conjuration                  1
   b - Blink                          Translocation                2
   c - Call Imp                       Summoning                    2
   d - Repel Missiles                 Charms/Air                   2
   e - Slow                           Hexes                        2
   f - Conjure Flame                  Conjuration/Fire             3
   g - Mephitic Cloud                 Conjuration/Poison/Air       3
Comestibles
 d - a bread ration
 h - a meat ration
 i - a beef jerky


   Skills:
 + Level 0.0 Polearms
 - Level 1.7 Dodging
 - Level 1.7 Stealth
 - Level 3.0 Spellcasting
 - Level 6.0 Conjurations
   Level 1.0 Summonings
 - Level 0.8 Translocations


You had one spell level left.
You knew the following spells:

 Your Spells              Type           Power        Failure   Level  Hunger
a - Magic Dart            Conj           ####         1%          1    None
b - Blink                 Tloc           N/A          17%         2    ##.....
c - Mephitic Cloud        Conj/Pois/Air  ##......     21%         3    ###....
d - Conjure Flame         Conj/Fire      ###.....     14%         3    ###....


Dungeon Overview and Level Annotations

Branches:
Dungeon (3/15)

Altars:

Annotations:
D:2 Sigmund


Innate Abilities, Weirdness & Mutations

You have a pair of small horns on your head.


Message History

Confirm with . or Enter, or press ? or * to list all spells.
You blink.
Casting: Blink
Confirm with . or Enter, or press ? or * to list all spells.
You don't know that spell.
Unknown command.
Casting: Blink
Confirm with . or Enter, or press ? or * to list all spells.
You blink.
Found 22 stones.
Casting: Blink
Confirm with . or Enter, or press ? or * to list all spells.
You blink.
The giant frog hits you! The giant frog hits you!
* * * LOW HITPOINT WARNING * * *
Unknown command.
Drink which item? (? for menu, Esc to quit)
It was a potion of might.
You feel very mighty all of a sudden. The giant frog hits you!
You die...

..........###### ##...........#
#..............####..##.÷....###
#......######.##...####.)...#
#...<...>.......####.....#.#
##..#..#.###..)<.....÷.....# ###
.##.###...#####)#######
(.##.....#.#####.####..#
........§F.............#
...###.###@####.#.....## ### #.
#.####...##### # #. #......###
.# .#..#...### ..#
#.(%.........####..#
#...#####..###......# ..
#....#####.#....# #..##.......#
#.. ......##..#### ..


You could see a giant frog.

Vanquished Creatures
  The ghost of kroki the Ruffian, an average TrAE (D:3)
  An orc priest (D:3)
  Jessica (D:3)
  Natasha (thrice) (D:2)
  3 adders (D:2)
  A shadow imp (D:2)
  2 worms (D:2)
  3 orcs
  A bat (D:2)
  3 hobgoblins
  7 jackals
  4 kobolds
  A quokka (D:3)
  5 giant cockroaches
  5 giant newts
  7 goblins
  10 rats
58 creatures vanquished.

Notes
Turn   | Place    | Note
--------------------------------------------------------------
     0 | D:1      | Turret, the Demonspawn Wizard, began the quest for the Orb.
     0 | D:1      | Reached XP level 1. HP: 13/13 MP: 4/4
   579 | D:1      | Gained mutation: You have a pair of small horns on your head. [demonic ancestry]
   579 | D:1      | Reached XP level 2. HP: 19/19 MP: 3/6
   706 | D:1      | Learned a level 2 spell: Blink
  1231 | D:2      | Noticed Natasha
  1332 | D:2      | Noticed Sigmund
  1604 | D:2      | Reached XP level 3. HP: 16/24 MP: 2/7
  1782 | D:2      | Killed Natasha
  2007 | D:2      | Reached skill level 4 in Conjurations
  2007 | D:2      | Reached XP level 4. HP: 30/30 MP: 5/8
  2119 | D:3      | Noticed Jessica
  2143 | D:3      | Noticed a giant frog
  2310 | D:2      | Learned a level 3 spell: Mephitic Cloud
  2314 | D:2      | Learned a level 3 spell: Conjure Flame
  2358 | D:2      | Noticed Natasha
  2362 | D:2      | Killed Natasha
  2371 | D:2      | Noticed Natasha
  2377 | D:2      | Killed Natasha
  2756 | D:3      | Killed Jessica
  2991 | D:3      | Reached XP level 5. HP: 35/35 MP: 6/9
  3045 | D:3      | Reached skill level 5 in Conjurations
  3341 | D:3      | Noticed kroki's ghost (average TrAE)
  3349 | D:3      | Killed kroki's ghost
  3349 | D:3      | Reached skill level 6 in Conjurations
  3429 | D:3      | Slain by a giant frog

Action                   |  1- 3 |  4- 6 || total
-------------------------+-------+-------++-------
Melee: Dagger            |    16 |     1 ||    17
       Hand axe          |       |     3 ||     3
Throw: Javelin           |     6 |    12 ||    18
       Stone             |     1 |     3 ||     4
 Cast: Magic Dart        |    61 |    68 ||   129
       Blink             |       |     3 ||     3
       Conjure Flame     |       |     1 ||     1
  Use: Potion            |       |     1 ||     1
  Eat: Chunk             |     3 |     4 ||     7
